 Dungeon Crawl Stone Soup version 0.30-a0-782-ge64f9170bb (webtiles) character file.

Game seed: 12091506410180390885

1119 sanka the Skirmisher (level 7, 0/61 HPs)
             Began as a Demigod Hunter on Feb 24, 2023.
             Slain by a lemure (3 damage)
             ... led by Pikel
             ... on level 3 of the Dungeon.
             The game lasted 00:07:48 (3081 turns).

sanka the Skirmisher (Demigod Hunter)               Turns: 3081, Time: 00:07:49

Health: 0/61       AC:  4    Str: 12    XL:     7   Next: 88%
Magic:  9/9        EV: 12    Int: 11    God:
Gold:   273        SH:  0    Dex: 25    Spells: 6/6 levels left

rFire   . . .      SeeInvis .    a - +0 shortbow
rCold   . . .      Faith    .    (shield currently unavailable)
rNeg    . . .      Spirit   .    c - +0 leather armour
rPois   .          Reflect  .    (no helmet)
rElec   .          Harm     .    k - +0 cloak
rCorr   .          Rampage  .    (no gloves)
Will    .....                    (no boots)
Stlth   ++                       p - amulet of regeneration
HPRegen 1.10/turn                (no ring)
MPRegen 0.11/turn                (no ring)

@: no status effects
A: high MP 1, forlorn, divine attributes
a: no special abilities


You were on level 3 of the Dungeon.
You visited 1 branch of the dungeon, and saw 4 of its levels.

You collected 273 gold pieces.


Innate Abilities, Weirdness & Mutations

You have an increased reservoir of magic. (+10% MP)
You shall have no god before yourself.
Your divine heritage dramatically boosts your attributes as you level up.


   Skills:
 + Level 5.3 Fighting
 * Level 8.1 Ranged Weapons
 - Level 1.7 Dodging
 - Level 0.8 Stealth


You had 6 spell levels left.
You didn't know any spells.
Your spell library contained the following spells:

 Spells                   Type           Power      Damage    Failure   Level
 Sublimation of Blood     Necr           0%         N/A       56%         2
 Wereblood                Tmut           0%         N/A       56%         2
 Frozen Ramparts          Ice            0%         1d1       80%         3
 Ice Form                 Ice/Tmut       0%         N/A       99%         4
 Summon Ice Beast         Ice/Summ       0%         N/A       99%         4
 Summon Hydra             Summ           0%         N/A       100%        7

Inventory:

Hand Weapons
 a - a +0 shortbow (weapon)
Missiles
 o - a throwing net {=f}
Armour
 c - a +0 leather armour (worn)
 k - a +0 cloak (worn)
Jewellery
 p - an amulet of regeneration (around neck)
Wands
 s - a wand of digging (9)
Scrolls
 b - 2 scrolls of immolation {!r}
 d - a scroll of noise {unknown}
 e - a scroll of enchant weapon {unknown}
 f - 3 scrolls of identify {unknown}
 h - 3 scrolls of teleportation {unknown}
 i - 3 scrolls of magic mapping {unknown}
 j - 3 scrolls of poison {unknown}
 m - a scroll of enchant armour {unknown}
 n - a scroll of vulnerability {unknown}
 q - a scroll of blinking {unknown}
 r - 2 scrolls of fog {unknown}
Potions
 g - 2 potions of curing {@q1}
 l - a potion of magic {unknown}

Dungeon Overview and Level Annotations

Branches:
Dungeon (4/15)
 Temple: D:4-7

Annotations:
D:3 Pikel

...P.....▒........))...P♣P..▒▒
..▒▒.....▒.▒.▒▒▒..<..▒P.♣♣P.▒
▒.▒▒.........▒▒...).....♣♣..▒
▒.▒........▒▒▒▒.......▒..♣..▒
............▒▒▒.......▒.PP.▒▒
..........▒..........▒▒▒...▒
...▒..(.....P.....>...▒▒▒.▒▒
..........♣P....?K....▒ ▒▒▒
...>....P.P♣.P♣.p.....▒
..▒.....P♣♣♣♣.♣5.....▒▒
..▒▒▒▒P♣♣♣ ♣♣♣.....▒▒
...▒▒▒P.♣♣ ♣♣.P..▒▒▒
.P♣.▒▒.PP♣♣♣♣P.P.▒▒▒▒
.P♣..▒...P.♣♣PP.▒▒▒.▒
.♣♣..▒.▒.♣PP♣.......▒
.PPP.▒.▒.P......▒▒.▒▒
....▒▒.▒▒..........▒


You could see Pikel and a lemure.


Message History

Pikel is severely wounded.
Pikel hits you with a +1 whip of freezing!
* * * LOW HITPOINT WARNING * * *
Pikel freezes you.
* * * LOW HITPOINT WARNING * * *
The lemure closely misses you.
Fire: a) +0 shortbow
Aim: Pikel, wielding a +1 whip of freezing and wearing a +0 robe (severely wounded, 64% to hit)
You shoot an arrow. The arrow closely misses Pikel.
Pikel hits you but does no damage. The lemure barely misses you.
Unknown command.
Fire: a) +0 shortbow
Aim: Pikel, wielding a +1 whip of freezing and wearing a +0 robe (severely wounded, 64% to hit)
You shoot an arrow. The arrow barely misses Pikel.
Pikel hits you with a +1 whip of freezing.
* * * LOW HITPOINT WARNING * * *
Pikel freezes you.
* * * LOW HITPOINT WARNING * * *
The lemure hits you.
* * * LOW HITPOINT WARNING * * *
Pikel says, "You'll feel the lick of my whip!"
Pikel hits you with a +1 whip of freezing.
* * * LOW HITPOINT WARNING * * *
Pikel freezes you.
* * * LOW HITPOINT WARNING * * *
The lemure hits you.
You die...

Action                     |  1- 3 |  4- 6 |  7- 9 || total
---------------------------+-------+-------+-------++-------
   Fire: Shortbow          |    88 |   183 |   209 ||   480
    Use: Potion            |       |     3 |       ||     3
 Armour: Leather armour    |     6 |    41 |    12 ||    59
  Dodge: Dodged            |    20 |    84 |    64 ||   168

Levels and vault maps discovered:
D:1:      wander_arrival_desolate, layout_rooms
D:2:      layout_loops_cross, basic_altar, nicolae_grassy_gnolls
D:3:      lemuel_castle_with_subvaults [lemuel_castle_interior_carwin_1],
          layout_rooms, lemuel_tele_altar, serial_forest,
          infiniplex_forest_clump_long, infiniplex_forest_clump_small,
          infiniplex_forest_clump_small, infiniplex_forest_zigzag_2,
          infiniplex_forest_straight_3, infiniplex_forest_clump_diagonal,
          infiniplex_forest_straight_4, infiniplex_forest_clump_small,
          infiniplex_forest_end_3, infiniplex_forest_clump_large,
          minmay_divided_ellipse, uniq_sigmund, uniq_grinder
D:4:      layout_gridville, lemuel_crystal_altar,
          mainiacjoe_overflow_surrounded_room, chequers_serial_rivers_micro_b,
          chequers_serial_rivers_small_a, uniq_ijyb, uniq_pikel

Notes
Turn   | Place    | Note
-------+----------+-------------------------------------------
     0 | D:1      | sanka the Demigod Hunter began the quest for the Orb.
     0 | D:1      | Reached XP level 1. HP: 17/17 MP: 3/3
    55 | D:1      | Reached skill level 2 in Fighting
   140 | D:1      | Reached skill level 4 in Ranged Weapons
   140 | D:1      | Reached XP level 2. HP: 24/24 MP: 4/4
   494 | D:2      | Reached XP level 3. HP: 30/30 MP: 5/5
   872 | D:2      | Reached XP level 4. HP: 37/37 MP: 6/6
  1307 | D:3      | Noticed Sigmund
  1351 | D:2      | Reached skill level 5 in Ranged Weapons
  1516 | D:3      | Reached skill level 3 in Fighting
  1583 | D:3      | Noticed a necrophage
  1585 | D:3      | Noticed an ice beast
  1596 | D:3      | Killed a necrophage
  1597 | D:3      | Reached XP level 5. HP: 38/45 MP: 7/7
  1603 | D:3      | HP: 2/45 [ice beast (9)]
  1605 | D:3      | Identified a potion of resistance
  1617 | D:3      | Killed an ice beast
  1618 | D:3      | Reached skill level 6 in Ranged Weapons
  1618 | D:3      | Reached XP level 6. HP: 22/52 MP: 8/8
  1970 | D:3      | Killed Sigmund
  1971 | D:3      | Reached skill level 4 in Fighting
  2171 | D:3      | Noticed Grinder
  2181 | D:3      | Killed Grinder
  2182 | D:3      | Reached skill level 7 in Ranged Weapons
  2182 | D:3      | Reached XP level 7. HP: 55/60 MP: 9/9
  2525 | D:3      | Reached skill level 5 in Fighting
  2723 | D:3      | Reached skill level 8 in Ranged Weapons
  2899 | D:4      | Noticed Pikel
  2914 | D:4      | Noticed Ijyb
  2923 | D:4      | Killed Ijyb
  3081 | D:3      | HP: 4/61 [Pikel/+1 whip of freezing (5)]
  3081 | D:3      | Slain by a lemure

Vanquished Creatures
  Grinder (D:3)
  Sigmund (D:3)
  An ice beast (D:3)
  2 lemures (D:3)
  A necrophage (D:3)
  A gnoll sergeant (D:3)
  A hound (D:3)
  An orc wizard (D:3)
  Ijyb (D:4)
  29 gnolls
  4 adders
  3 worms
  A dart slug (D:2)
  25 orcs
  4 ball pythons
  3 bats
  5 endoplasms
  4 giant cockroaches
  12 goblins
  6 hobgoblins
  16 jackals
  2 quokkas
  7 frilled lizards
  5 kobolds
  6 rats
142 creatures vanquished.

Vanquished Creatures (others)
  9 plants
9 creatures vanquished.

Grand Total: 151 creatures vanquished
